 Dungeon Crawl Stone Soup version 0.27-a0-328-g7f782ed93a (webtiles) character file.

Game seed: 18190530848036644599

12 CurlyBrace the Caller (level 2, -4/18 HPs)
             Began as a Felid Summoner on Feb 11, 2021.
             Was a Follower of Trog.
             Slain by a gnoll
             ... wielding a +0 spear
              (10 damage)
             ... on level 2 of the Dungeon.
             The game lasted 00:00:32 (51 turns).

CurlyBrace the Caller (Felid Summoner)                Turns: 51, Time: 00:00:33

Health: -4/18      AC:  1    Str:  4    XL:     2   Next: 20%
Magic:  8/15       EV: 18    Int: 16    God:    Trog [*.....]
Gold:   0          SH:  0    Dex: 16    Spells: 4/5 levels left
                                        Lives:  0   Deaths: 0

rFire    . . .     SeeInvis +     - Unarmed
rCold    . . .     Faith    .   (shield unavailable)
rNeg     . . .     Spirit   .   (armour unavailable)
rPois    .         Reflect  .   (helmet unavailable)
rElec    .         Harm     .   (cloak unavailable)
rCorr    .         Rampage  .   (gloves unavailable)
Will     .....                  (boots unavailable)
Stlth    ..........             (no amulet)
HPRegen  0.06/turn              a - ring of magical power
MPRegen  0.14/turn              (no ring)

@: berserking (expiring), very quick
A: very small, no armour, no weapons or thrown items, stealth, claws 1, fangs 3,
see invisible, speed 1, shaggy fur 1, sharp paws
a: Renounce Religion, Berserk


You were on level 2 of the Dungeon.
You worshipped Trog.
Trog was aware of your devotion.
You visited 1 branch of the dungeon, and saw 2 of its levels.

Inventory:

Jewellery
 a - a ring of magical power (left paw)
   (You found it on level 1 of the Dungeon)


   Skills:
 * Level 1.0 Fighting
 + Level 2.9 Dodging
 + Level 2.9 Stealth
 * Level 1.0 Unarmed Combat
 - Level 2.0 Spellcasting
 - Level 4.0 Summonings


You had 4 spell levels left.
You knew the following spells:

 Your Spells              Type           Power        Failure   Level
a - Summon Small Mammal   Summ           56%          4%          1

Your spell library contained the following spells:

 Spells                   Type           Power        Failure   Level
 Call Imp                 Summ           14%          6%          2
 Call Canine Familiar     Summ           14%          12%         3
 Summon Guardian Golem    Hex/Summ       8%           26%         3
 Summon Ice Beast         Ice/Summ       8%           65%         4
 Summon Lightning Spire   Summ/Air       8%           65%         4


Dungeon Overview and Level Annotations

Branches:
Dungeon (2/15)

Altars:
Trog


Innate Abilities, Weirdness & Mutations

You cannot wear armour.
You are incapable of wielding weapons or throwing items.
Your paws allow you to move quietly. (Stealth)
You have sharp claws.
You have razor-sharp teeth.
You have supernaturally acute eyesight. (SInv)
You cover ground quickly.
You are covered in fur. (AC +1)
Your sharp claws are effective at attacking unaware monsters.


Message History

A leopard gecko comes into view.
You hear a shout!
The leopard gecko hisses menacingly.
You open the door.
Found a faded altar of an unknown god.
There is an open door here.
There is a faded altar of an unknown god here.
You cannot tell which god this altar belongs to.
Convert to them anyway?
Trog accepts your prayer! Trog welcomes you!
You can now go berserk at will.
The leopard gecko bites you.
Ouch! That really hurt!
A red film seems to cover your vision as you go berserk!
You feel yourself moving faster!
You feel mighty! The leopard gecko closely misses you.
The leopard gecko bites you.
* * * LOW HITPOINT WARNING * * *
You closely miss the leopard gecko. You scratch the leopard gecko.
You kill the leopard gecko!
Trog accepts your kill. The gnoll closely misses you.
You see here a leopard gecko corpse.
You claw the gnoll!
The gnoll is severely wounded.
You barely miss the gnoll.
The gnoll is severely wounded.
The gnoll closely misses you.
You scratch the gnoll.
The gnoll is almost dead.
You scratch the gnoll.
You kill the gnoll!
Trog accepts your kill. The gnoll closely misses you.
Your Fighting skill increases to level 1!
Your Unarmed Combat skill increases to level 1!
You have reached level 2!
You barely miss the gnoll. The gnoll hits you with a +0 spear!
Ouch! That really hurt!
You die...

#..###.# #.P.##.#
#...##.#########
#g......<.......
#####.......########
#...#.P.#####
##...#.P.#
#PP†P#..## #⌠_†@g..#
#.P..#..# ##.88#..#
#...#.## #####♣#


You could see a gnoll.

Vanquished Creatures
  A gnoll (D:2)
  A leopard gecko (D:2)
2 creatures vanquished.

Vanquished Creatures (others)
  2 plants (D:2)
2 creatures vanquished.

Grand Total: 4 creatures vanquished

Notes
Turn   | Place    | Note
-------+----------+-------------------------------------------
     0 | D:1      | CurlyBrace the Felid Summoner began the quest for the Orb.
     0 | D:1      | Reached XP level 1. HP: 7/7 MP: 4/4
    36 | D:2      | Found a faded altar of an unknown god.
    41 | D:2      | Became a worshipper of Trog the Wrathful
    41 | D:2      | Reached * piety under Trog
    50 | D:2      | Reached skill level 1 in Fighting
    50 | D:2      | Reached skill level 1 in Unarmed Combat
    50 | D:2      | Reached XP level 2. HP: 6/12 MP: 6/6
    51 | D:2      | Slain by a gnoll

Illustrated notes

Levels and vault maps discovered:
D:1:      matt_arrival_diagonals, layout_basic, minmay_misc_feat_diagonals,
          minmay_door_square
D:2:      layout_rooms, okawaru_trees_2, chequers_ecumenical_altar_lobes,
          minmay_tree_intersection, uniq_natasha

Skill      XL: |  1 |
---------------+----+-----
Fighting       | 1 |  1.0
Unarmed Combat | 1 |  1.0
Dodging        | |  2.9
Stealth        | |  2.9
Spellcasting   | |  2.0
Summonings     | |  4.0

Action                   || total
-------------------------++-------
Melee: Unarmed           ||     7
Invok: Berserk           ||     1
Dodge: Dodged            ||     4

Table legend: (Time is in decaauts)
 A = Elapsed time spent in this place.
 B = Non-inter-level travel time spent in this place.
 C = Inter-level travel time spent in this place.
 D = Time resting spent in this place.
 E = Time spent auto-exploring this place.
 F = Levels seen in this place.
 G = Mean time per level.
                   A        B        C        D        E       F      G
               +--------+--------+--------+--------+--------+-----+--------+
         Total |     39 |     39 |      0 |      0 |      0 |   2 |   19.5 |
       Dungeon |     39 |     39 |      0 |      0 |      0 |   2 |   19.5 |
               +--------+--------+--------+--------+--------+-----+--------+

Top non-repeatable levels by time:
     D:1: 21 daAuts
     D:2: 18 daAuts
